cohdb
Replays
Latest Replays
All Replays
Popular Replays
Top Player Replays
Match Explorer
How It Works
Community
CoH3 Stats
Reddit
Sign in to upload your games and track your stats! →
Sign in with Steam
Match 41662562
Unlisted
Match 41662562
Overview
Messages
Build Orders
End
Selects Australian Defense Battlegroup
Selects Australian Light Infantry Section
Australian Light Infantry Section
Australian Light Infantry Section
Construct Section Command Post
ML 3-inch Mortar Team
Australian Light Infantry Section
Construct Field Infirmary
Grenade Package
Selects Defensive Tactics
Construct Platoon Command Post
Vickers Machine Gun Team
Selects Hold the Line!
Humber Armored Car
سَۨفُـيٰانۨوٰس
mohamedkerdaoui
OP.Elderbee-
Exp.002
0
0
Comments
sign in to comment!
No comments posted yet!